 Dungeon Crawl Stone Soup version 0.23-a0-558-g30802b1 (webtiles) character file.

106 EvilAliv3 the Skirmisher (level 4, -2/40 HPs)
             Began as a Draconian Abyssal Knight on Dec 11, 2018.
             Was a Follower of Lugonu.
             Killed by nerve-wracking pain
             ... invoked by an orc priest
              (14 damage)
             ... on level 3 of the Dungeon.
             The game lasted 00:11:27 (1907 turns).

EvilAliv3 the Skirmisher (Draconian Abyssal Knight) Turns: 1907, Time: 00:11:27

Health: -2/40      AC:  6    Str: 14    XL:     4   Next: 55%
Magic:  6/6        EV: 13    Int: 13    God:    Lugonu [*.....]
Gold:   120        SH:  0    Dex: 11    Spells: 3/3 levels left

rFire    . . .     SeeInvis .   a - +1 falchion
rCold    . . .     Gourm    .   (no shield)
rNeg     . . .     Faith    .   (armour unavailable)
rPois    .         Spirit   .   q - +1 hat
rElec    .         Reflect  .   (no cloak)
rCorr    +         Harm     .   (no gloves)
MR       .....                  (no boots)
Stlth    +.........             (no amulet)
HPRegen  0.13/turn              p - ring of resist corrosion
MPRegen  0.10/turn              (no ring)

@: no status effects
A: unfitting armour, cold-blooded, AC +5
a: Depart the Abyss, Renounce Religion


You were on level 3 of the Dungeon.
You worshipped Lugonu.
Lugonu was aware of your devotion.
You were not hungry.

You visited 1 branch of the dungeon, and saw 3 of its levels.
You visited the Abyss 1 time.

You collected 120 gold pieces.

Inventory:

Hand Weapons
 a - a +1 falchion (weapon)
 m - a +0 hunting sling
Missiles
 d - 3 needles of frenzy
 e - 11 poisoned needles
 f - 13 sling bullets
 l - 69 stones (quivered)
 t - 25 bolts
Armour
 q - a +1 hat (worn)
Jewellery
 p - a ring of resist corrosion (left hand)
Wands
 u - a wand of random effects (16)
Scrolls
 c - a scroll of remove curse {unknown}
 h - 3 scrolls of identify {unknown}
 i - a scroll of random uselessness {unknown}
 j - 2 scrolls of enchant weapon {unknown}
 n - a scroll of noise {unknown}
 o - a scroll of teleportation {unknown}
 r - a scroll of amnesia {unknown}
Potions
 g - a potion of berserk rage {unknown}
 k - a potion of lignification {unknown}
Comestibles
 b - 5 rations
 s - 4 chunks of flesh


   Skills:
 + Level 4.2 Fighting
 - Level 2.6 Long Blades
 + Level 3.0 Dodging
 + Level 3.2 Invocations


You had 3 spell levels left.
You didn't know any spells.
Your spell library was empty.

Dungeon Overview and Level Annotations

Branches:
Dungeon (3/15)

Altars:
Hepliaklqana
Okawaru

Annotations:
D:3 Sigmund


Innate Abilities, Weirdness & Mutations

Your plain brown scales are hard. (AC +5)
You cannot fit into any form of body armour.
You are cold-blooded and may be slowed by cold attacks.


Message History

There is a stone staircase leading up here.
Things that are here:
a +0 leather armour; a +0 hand axe You hit the orc priest.
You tail-slap the orc priest.
The orc priest is heavily wounded.
The orc priest closely misses you.
You hit the orc priest.
The orc priest is severely wounded.
The orc priest hits you with a +0 short sword.
You hit the orc priest.
Your tail-slap misses the orc priest.
The orc priest is severely wounded.
The orc priest calls down the wrath of Beogh upon you.
Beogh smites you!
You closely miss the orc priest.
The orc priest is severely wounded.
The orc priest hits you with a +0 short sword.
* * * LOW HITPOINT WARNING * * *
The orc priest invokes the aid of Beogh against you.
Pain shoots through your body!
You die...

#.# #)# #.##.# #o#
#.##.# #S# #.##.#
#o# ##.##.# #.# #
#..##.##########o#
#.#..##.#.......o..#
#.#....[..##########
#.###...@o..###
#......<.####
#######.## ...#
#####


You could see an orc priest.

Vanquished Creatures
  An orc priest (D:3)
  2 adders
  An ooze (D:2)
  2 worms (D:2)
  A dart slug (D:1)
  5 orcs
  6 bats
  A giant cockroach (D:1)
  8 goblins
  4 hobgoblins
  2 frilled lizards
  6 kobolds
  3 rats
42 creatures vanquished.

Notes
Turn   | Place    | Note
-------+----------+-------------------------------------------
     0 | Abyss:1  | EvilAliv3 the Draconian Abyssal Knight began the quest for
                  | the Orb.
     0 | Abyss:1  | Reached XP level 1. HP: 19/19 MP: 2/2
    37 | Abyss:1  | Noticed a thrashing horror
    42 | D:1      | Escaped the Abyss
   248 | D:1      | Reached XP level 2. HP: 25/26 MP: 3/3
   407 | D:1      | Reached * piety under Lugonu
   603 | D:1      | Found an iron altar of Okawaru.
   946 | D:2      | Found a hazy altar of Hepliaklqana.
   986 | D:2      | Reached XP level 3. HP: 25/33 MP: 4/4
  1429 | D:3      | Noticed Sigmund
  1570 | D:3      | Reached skill level 4 in Fighting
  1570 | D:3      | Reached XP level 4. HP: 34/40 MP: 6/6
  1907 | D:3      | Killed from afar by an orc priest

Vault maps used:
D:1:      lightli_arrival_windingriver, okawaru_ov_weapons_minmay
D:2:      lemuel_crystal_altar
D:3:      uniq_sigmund

Skill      XL: |  1  2  3  4 |
---------------+-------------+-----
Fighting       | 4 |  4.2
Invocations    | 3 |  3.2
Dodging        | 3 |  3.0
Long Blades    | |  2.6

Action                   |  1- 3 |  4- 6 || total
-------------------------+-------+-------++-------
Melee: Falchion          |   105 |    23 ||   128
       Tailslap          |    12 |     3 ||    15
Invok: Depart the Abyss  |     1 |       ||     1
  Eat: Chunk             |     2 |     1 ||     3
Armor: Skin              |    33 |     4 ||    37
Dodge: Dodged            |    69 |    20 ||    89
       Rpst.: Falchion   |    16 |     8 ||    24

Table legend:
 A = Non-vault XP
 B = Vault XP
 C = Vault XP percentage of total XP
 D = Non-vault monster count
 E = Vault monster count
 F = Vault count percentage of total count
                 A         B        C        D         E       F
            +---------+---------+-------+---------+---------+-------
      Total |     152 |       0 |   0.0 |      42 |       0 |   0.0
            +---------+---------+-------+---------+---------+-------
        D:1 |      26 |       0 |   0.0 |      15 |       0 |   0.0
        D:2 |      49 |       0 |   0.0 |      15 |       0 |   0.0
        D:3 |      77 |       0 |   0.0 |      12 |       0 |   0.0
            +---------+---------+-------+---------+---------+-------
